 Dungeon Crawl Stone Soup version 0.29-a0-998-g1987434951 (webtiles) character file.

Game seed: 9518969011381387238

198 avis the Cleaver (level 5, -2/45 HPs)
             Began as a Hill Orc Monk on Aug 6, 2022.
             Slain by Sigmund
             ... wielding a +0 scythe of venom
              (4 damage)
             ... on level 3 of the Dungeon.
             The game lasted 00:11:30 (3745 turns).

avis the Cleaver (Hill Orc Monk)                    Turns: 3745, Time: 00:11:31

Health: -2/45      AC:  6    Str: 16    XL:     5   Next: 77%
Magic:  5/5        EV: 10    Int: 10    God:
Gold:   75         SH:  0    Dex: 13    Spells: 4/4 levels left

rFire   . . .      SeeInvis .   w - +2 dagger (venom)
rCold   . . .      Faith    .   (no shield)
rNeg    . . .      Spirit   .   k - +0 scale mail
rPois   .          Reflect  .   (no helmet)
rElec   .          Harm     .   (no cloak)
rCorr   +          Rampage  .   (no gloves)
Will    .....                   (no boots)
Stlth   ..........              (no amulet)
HPRegen 0.15/turn               p - ring of resist corrosion
MPRegen 0.09/turn               q - ring of resist corrosion

@: lethally poisoned (-2 -> -12)
A: no striking features
a: no special abilities


You were on level 3 of the Dungeon.
You visited 1 branch of the dungeon, and saw 3 of its levels.

You collected 75 gold pieces.

Inventory:

Hand Weapons
 a - a +0 hand axe
 b - the +5 sling "Agoizak" {flame, Dex+7 SInv Stlth-}
   (You found it on level 2 of the Dungeon)

   Any ammunition fired from it burns those it strikes, dealing additional fire
   damage.
   Dex:       It affects your dexterity (+7).
   SInv:      It lets you see invisible.
   Stlth:     It makes you less stealthy.
 f - a +0 spear
 o - a +0 dagger of protection
 w - a +2 dagger of venom (weapon)
Missiles
 j - 5 boomerangs (quivered)
Armour
 k - a +0 scale mail (worn)
Jewellery
 p - a ring of resist corrosion (left hand)
 q - a ring of resist corrosion (right hand)
Scrolls
 e - 3 scrolls of teleportation {unknown}
 g - a scroll of summoning {unknown}
 h - a scroll of amnesia {unknown}
 i - a scroll of magic mapping {unknown}
 m - a scroll of acquirement {unknown}
 r - 2 scrolls of vulnerability {unknown}
Potions
 c - a potion of berserk rage {unknown}
 l - a potion of heal wounds {unknown}
 n - a potion of ambrosia
 s - a potion of brilliance {unknown}


   Skills:
 - Level 3.6 Fighting
 * Level 8.3 Axes
 - Level 2.4 Dodging
 - Level 1.5 Stealth


You had 4 spell levels left.
You didn't know any spells.
Your spell library contained the following spells:

 Spells                   Type           Power      Damage    Failure   Level
 Gell's Gravitas          Tloc           0%         N/A       99%         3
 Teleport Other           Tloc           0%         N/A       99%         3
 Dispersal                Tloc           0%         N/A       100%        6


Dungeon Overview and Level Annotations

Branches:
Dungeon (3/15)

Altars:
Yredelemnul

Shops:
D:2 *

Annotations:
D:3 Sigmund


Message History

The +5 sling "Agoizak" {flame, Dex+7 SInv Stlth-} stops flaming.
a - a +0 hand axe (weapon)
Deactivating autopickup; reactivate with Ctrl-A.
You hit something but do no damage.
You hear some strange, mumbled words.
A magic dart appears from out of thin air!
The magic dart hits you but does no damage.
You miss something. You closely miss something.
You hear some strange, mumbled words.
A puff of flame appears from out of thin air!
The puff of flame hits you.
Your +2 dagger of venom begins to drip with poison!
w - a +2 dagger of venom (weapon)
Something hits you!
You are poisoned.
You miss something.
You feel very sick.
You hit something.
You feel very sick. Something hits you!
You hit something.
You feel sick. Something hits you but does no damage.
You are more poisoned.
You barely miss something.
You feel very sick.
You closely miss something.
You feel very sick.
You hear some strange, mumbled words.
A puff of flame appears from out of thin air!
The puff of flame hits you!
* * * LOW HITPOINT WARNING * * *
You miss something.
* * * LOW HITPOINT WARNING * * *
You feel sick. Something hits you but does no damage.
You are more poisoned.
You miss something.
* * * LOW HITPOINT WARNING * * *
You feel very sick. Something hits you.
You die...

##########
#######......#.#####
#.......####........
#########.......####
#########.##.#..#
#gS{@..##.##.#..#
#()'w####..........# #).'.#
#..........# #⌠$.###
##.##.####..#
.....#####...#.......#####
......#....................
##### #####....#####..###..
#.# ##....## #..##.#. #.#
#.....# #..#.##.


You could see a worm, a goblin and a ball python.

Vanquished Creatures
  Ijyb (D:3)
  Natasha (thrice) (D:3)
  3 adders
  2 worms
  2 bats
  8 endoplasms
  2 giant cockroaches
  8 goblins
  5 hobgoblins
  6 jackals
  5 quokkas
  7 ball pythons
  A frilled lizard (D:1)
  5 kobolds
  3 rats
61 creatures vanquished.

Notes
Turn   | Place    | Note
-------+----------+-------------------------------------------
     0 | D:1      | avis the Hill Orc Monk began the quest for the Orb.
     0 | D:1      | Reached XP level 1. HP: 19/19 MP: 1/1
   318 | D:1      | Reached XP level 2. HP: 22/26 MP: 2/2
   396 | D:1      | Found a faded altar of an unknown god.
   434 | D:1      | Reached skill level 5 in Axes
   844 | D:1      | Reached XP level 3. HP: 15/31 MP: 3/3
  1561 | D:1      | HP: 1/31 [poisoned by a goblin]
  2028 | D:2      | Found Iqariru's Assorted Antiques.
  2088 | D:2      | Reached skill level 6 in Axes
  2378 | D:2      | Found a basalt altar of Yredelemnul.
  2397 | D:2      | Identified the +5 sling "Agoizak" {flame, Dex+7 SInv
                  | Stlth-}
  2455 | D:2      | Reached XP level 4. HP: 39/39 MP: 4/4
  3040 | D:3      | Noticed Ijyb
  3056 | D:3      | Killed Ijyb
  3057 | D:3      | Reached skill level 7 in Axes
  3438 | D:3      | Noticed Natasha
  3444 | D:3      | Killed Natasha
  3445 | D:3      | Reached XP level 5. HP: 45/45 MP: 5/5
  3473 | D:3      | Noticed Natasha
  3475 | D:3      | Killed Natasha
  3507 | D:3      | Noticed Natasha
  3512 | D:3      | Killed Natasha
  3513 | D:3      | Reached skill level 8 in Axes
  3724 | D:3      | Noticed Sigmund
  3745 | D:3      | HP: 2/45 [poisoned by Sigmund]
  3745 | D:3      | Slain by Sigmund

Illustrated notes

Levels and vault maps discovered:
D:1:      minmay_arrival_shoal_huts, layout_loops_ring,
          hellmonk_ecumenical_altar_pennies_from_heaven, dk_noncrumbling_3
D:2:      layout_basic, serial_shops, shop, basic_altar, serial_corexii_hall,
          corexii_hall_statues_t, corexii_hall_statues_u
D:3:      layout_loops_ring, kennysheep_generic_room_6, uniq_ijyb, uniq_sigmund,
          uniq_natasha

Skill      XL: |  1  2  3  4  5 |
---------------+----------------+-----
Axes           | 5 6 7 8 |  8.3
Fighting       | |  3.6
Dodging        | |  2.4
Stealth        | |  1.5

Action                   |  1- 3 |  4- 6 || total
-------------------------+-------+-------++-------
Melee: Hand axe          |   160 |    27 ||   187
       Dagger            |       |     7 ||     7
 Fire: Sling             |       |    43 ||    43
  Use: Potion            |     1 |     2 ||     3
 Stab: Sleeping          |     6 |       ||     6
Armor: Robe              |    16 |       ||    16
       Scale mail        |    20 |    14 ||    34
Dodge: Dodged            |    93 |    30 ||   123

Table legend: (Time is in decaauts)
 A = Elapsed time spent in this place.
 B = Non-inter-level travel time spent in this place.
 C = Inter-level travel time spent in this place.
 D = Time resting spent in this place.
 E = Time spent auto-exploring this place.
 F = Levels seen in this place.
 G = Mean time per level.
                   A        B        C        D        E       F      G
               +--------+--------+--------+--------+--------+-----+--------+
         Total |   3788 |   3395 |    393 |   1344 |   1344 |   3 | 1262.7 |
       Dungeon |   3788 |   3395 |    393 |   1344 |   1344 |   3 | 1262.7 |
               +--------+--------+--------+--------+--------+-----+--------+

Top non-repeatable levels by time:
     D:1: 2147 daAuts
     D:2: 882 daAuts
     D:3: 758 daAuts
